Map: King's Cove LE

Players

Denver - Winner!

  • Race: Zerg Zerg
  • Spawn Location: 5:00

BratOK (Brat_OK)

  • Race: Terran Terran
  • Spawn Location: 11:00

Event: 2019 WCS Summer

VOD

Have the link to the VOD?

Description

Time

  • Played on: July 12, 2019, 12:29 p.m.
  • Length: 14:32

All games in this series

Show
View Real Time Build Order
Export as new Build Order

Denver Zerg - Winner!

Build Orders: Hatch First 

Get SALT Encoding   

  12  0:00  Drone  
  13  0:12  Overlord  
  13  0:17  Drone  
  14  0:30  Drone  
  14  0:31  Drone  
  16  0:50  Hatchery  
  16  0:53  Drone  
  16  0:56  Drone  
  17  1:00  Drone  
  18  1:09  Extractor  
  17  1:15  Spawning Pool  
  16  1:19  Drone  
  16  1:22  Drone  
  18  1:29  Drone  
  19  1:38  Drone  
  20  1:50  Drone  
  21  2:02  Queen x2  
  21  2:03  Zergling x2  
  21  2:04  Zergling x2  
  27  2:11  Overlord  
  27  2:12  Metabolic Boost  
  27  2:17  Drone  
  28  2:34  Spore Crawler  
  27  2:39  Hatchery  
  27  2:41  Drone x2  
  29  2:44  Drone  
  29  2:47  Drone  
  31  2:52  Overlord  
  31  2:55  Drone  
  31  2:57  Drone  
  33  3:03  Overlord  
  33  3:06  Drone  
  33  3:09  Drone  
  35  3:13  Drone x2  
  35  3:15  Drone  
  35  3:18  Drone  
  35  3:19  Drone  
  40  3:25  Queen  
  42  3:28  Drone  
  42  3:31  Overlord  
  43  3:38  Queen  
  45  3:45  Drone x4  
  49  3:50  Overlord  
  49  3:54  Baneling Nest  
  47  3:58  Drone x2  
  47  3:59  Drone  
  47  4:00  Overlord  
  50  4:05  Drone  
  50  4:07  Drone  
  51  4:12  Drone  
  51  4:13  Drone  
  51  4:14  Drone  
  51  4:15  Evolution Chamber  
  53  4:17  Evolution Chamber  
  53  4:18  Drone x2  
  53  4:22  Queen  
  56  4:25  Drone x2  
  58  4:32  Drone x3  
  58  4:35  Drone  
  58  4:36  Drone x3  
  65  4:38  Spore Crawler  
  65  4:45  Queen  
  66  4:47  Zergling x8  
  66  4:48  Zergling x2  
  66  4:52  Overlord  
  71  4:53  Extractor x2  
  71  4:55  Spore Crawler  
  71  4:59  Zergling x8  
  72  5:02  Evolution Chamber  
  67  5:07  Overlord x2  
  67  5:11  Overlord  
  67  5:13  Overlord  
  67  5:17  Drone x3  
  67  5:18  Drone  
  70  5:24  Lair  
  70  5:25  Zerg Ground Armor Level 1  
  70  5:27  Drone  
  71  5:31  Drone x3  
  74  5:37  Drone x2  
  74  5:39  Drone x2, Spore Crawler  
  77  5:44  Zerg Melee Weapons Level 1  
  75  5:51  Drone x3  
  75  5:53  Queen  
  75  5:56  Drone x5  
  78  5:59  Extractor  
  77  6:04  Roach Warren  
  77  6:08  Zergling x8  
  77  6:14  Drone  
  77  6:15  Zergling x2  
  77  6:16  Zergling x2, Queen  
  82  6:21  Overlord  
  82  6:22  Zergling x2  
  83  6:26  Hatchery  
  81  6:34  Drone  
  81  6:35  Drone x5  
  87  6:41  Overlord  
  87  6:46  Glial Reconstitution  
  87  6:48  Extractor, Overlord  
  87  6:49  Extractor  
  87  6:50  Centrifical Hooks  
  84  6:56  Drone x5  
  84  6:57  Drone, Roach  
  84  6:58  Roach  
  90  7:01  Drone  
  90  7:05  Drone x5  
  96  7:09  Roach  
  96  7:10  Roach  
  96  7:11  Baneling x4  
  96  7:12  Baneling x2  
  96  7:13  Baneling  
  100  7:18  Drone x3  
  100  7:22  Overlord  
  103  7:23  Overseer  
  103  7:24  Pneumatized Carapace  
  100  7:31  Roach x5  
  100  7:35  Roach x2  
  113  7:41  Overlord  
  113  7:45  Zerg Ground Armor Level 2  
  113  7:46  Zerg Missile Weapons Level 1  
  113  7:47  Zergling x4  
  113  7:48  Roach  
  117  7:55  Zergling x14  
  124  8:00  Ravager  
  124  8:01  Ravager x3, Overlord x2  
  124  8:04  Zergling x2  
  124  8:05  Zergling x6  
  132  8:08  Drone x4  
  136  8:17  Roach x6  
  148  8:21  Overlord x2  
  148  8:26  Overlord  
  148  8:29  Overlord  
  148  8:31  Infestation Pit  
  148  8:32  Drone x5  
  152  8:39  Queen  
  151  8:52  Extractor x2  
  151  8:53  Spore Crawler  
  148  8:57  Overlord  
  148  8:58  Queen  
  150  9:10  Infestor x2  
  150  9:11  Hatchery  
  150  9:12  Infestor  
  150  9:14  Zergling x6, Roach x10  
  150  9:15  Roach  
  180  9:17  Overseer  
  180  9:20  Hive  
  180  9:30  Overseer  
  179  9:31  Overseer  
  179  9:32  Overseer, Nydus Network  
  179  9:37  Overlord  
  178  9:42  Neural Parasite  
  178  9:43  Zerg Missile Weapons Level 2  
  178  9:44  Zergling x20  
  187  9:56  Zergling x2  
  187  9:57  Zergling x20  
  194  10:42  Zergling x20  
  199  10:43  Zergling x4  
  189  10:50  Zergling x22  
  198  11:01  Zergling x12, Pathogen Glands  
  198  11:02  Zergling x12  
  180  11:14  Zergling x24  
  180  11:20  Nydus Canal  
  180  11:25  Roach x8  
  186  11:29  Burrow  
  186  11:32  Zerg Ground Armor Level 3  
  173  11:37  Roach x7  
  176  11:44  Roach x6  
  179  11:50  Infestor  
  179  11:51  Infestor x6  
  189  11:56  Overlord  
  189  11:57  Overlord  
  189  12:05  Queen x2  
  189  12:07  Adrenal Glands  
  185  12:17  Roach, Ravager x4  
  185  12:18  Ravager x3  
  185  12:19  Zergling x16  
  198  12:26  Queen  
  198  12:28  Spore Crawler  
  193  12:30  Spore Crawler  
  193  12:31  Spore Crawler  
  193  12:32  Spore Crawler x2  
  193  12:35  Queen  
  187  12:51  Infestor x3  
  183  12:53  Infestor x4  
  175  13:09  Zergling x38  
  188  13:21  Spore Crawler  
  188  13:23  Spore Crawler  
  188  13:24  Spore Crawler  
  180  13:34  Roach  
  180  13:35  Zergling x6, Roach x6  
  180  13:36  Ravager  
  180  13:37  Baneling, Ravager  
  180  13:38  Baneling x15  
  199  13:51  Baneling x2  
  199  13:52  Baneling x4  
  199  13:54  Zergling x2  
Show
View Real Time Build Order
Export as new Build Order

BratOK Terran 

Build Orders: Reaper Expand 

Get SALT Encoding   

  12  0:00  SCV  
  13  0:12  SCV  
  14  0:17  Supply Depot  
  14  0:25  SCV  
  15  0:39  SCV  
  15  0:41  Barracks  
  16  0:44  Refinery  
  16  0:51  SCV  
  17  1:03  SCV  
  18  1:15  SCV  
  19  1:28  Orbital Command, Reaper  
  20  1:42  Command Center  
  20  1:49  Supply Depot  
  20  1:53  SCV  
  21  2:00  Marine  
  22  2:07  SCV  
  23  2:12  Factory  
  23  2:17  Refinery  
  23  2:19  SCV  
  23  2:22  Barracks Reactor  
  24  2:31  SCV  
  25  2:43  SCV  
  26  2:55  Orbital Command  
  26  2:58  Starport  
  26  3:02  SCV  
  26  3:04  Hellion x2  
  31  3:07  Marine  
  32  3:14  SCV  
  33  3:26  Hellion x2  
  37  3:31  SCV x2  
  39  3:36  Viking  
  39  3:39  Fusion Core  
  41  3:42  Supply Depot  
  41  3:48  SCV x2  
  42  3:55  Hellion  
  45  4:00  SCV  
  46  4:03  SCV  
  46  4:04  Hellion  
  46  4:09  Starport Tech Lab  
  49  4:12  SCV  
  49  4:15  Supply Depot  
  49  4:16  SCV  
  51  4:24  SCV  
  51  4:28  SCV  
  53  4:36  Battlecruiser  
  59  4:41  Command Center  
  61  4:45  Hellion  
  61  4:49  Supply Depot  
  61  4:53  SCV  
  62  5:03  Hellion  
  62  5:05  SCV  
  62  5:10  SCV  
  62  5:11  Hellion  
  65  5:18  SCV  
  64  5:22  SCV  
  64  5:24  Hellion  
  64  5:26  Supply Depot  
  67  5:30  SCV  
  67  5:32  Hellion  
  70  5:38  Factory  
  70  5:44  Factory  
  70  5:48  SCV x2, Hellion  
  74  5:53  Supply Depot  
  74  5:54  Orbital Command  
  64  5:59  Barracks Tech Lab  
  64  6:00  SCV  
  64  6:02  Refinery x2  
  64  6:07  SCV  
  69  6:11  Hellion x2  
  69  6:12  SCV  
  69  6:14  Supply Depot  
  70  6:19  SCV  
  70  6:24  SCV x2  
  73  6:30  Factory Tech Lab, Battlecruiser  
  73  6:31  SCV  
  80  6:36  SCV x2  
  82  6:41  Hellion x2, Cyclone  
  82  6:43  SCV  
  88  6:48  SCV  
  88  6:49  Mag-Field Accelerator  
  88  6:50  Cyclone  
  88  6:52  Supply Depot  
  88  6:53  SCV  
  93  7:00  SCV  
  94  7:02  SCV  
  94  7:03  Hellion  
  97  7:08  Armory  
  97  7:11  Armory  
  97  7:13  SCV x2  
  99  7:15  Command Center  
  99  7:16  Supply Depot  
  99  7:22  SCV  
  100  7:23  Refinery  
  100  7:25  SCV  
  100  7:26  Supply Depot  
  100  7:27  Supply Depot  
  102  7:30  SCV  
  100  7:41  Cyclone x2  
  100  7:42  Hellion x2  
  100  7:43  SCV x2  
  100  7:44  SCV  
  113  7:46  Refinery  
  113  7:53  Supply Depot x2  
  113  7:54  Engineering Bay  
  113  7:55  Weapon Refit, SCV  
  114  7:58  SCV x2  
  114  8:04  Terran Vehicle And Ship Armor Level 1, Terran Ship Weapons Level 1  
  116  8:09  SCV  
  116  8:10  SCV  
  118  8:19  Widow Mine x2  
  122  8:20  Siege Tank  
  122  8:22  Supply Depot  
  122  8:23  Supply Depot  
  125  8:29  Missile Turret x2  
  125  8:30  Missile Turret  
  125  8:33  SCV x2  
  127  8:40  Battlecruiser  
  133  8:42  Hellion x2, Cyclone  
  133  8:46  Orbital Command  
  133  8:47  SCV x3  
  143  8:55  Supply Depot  
  143  8:56  Supply Depot  
  143  8:59  SCV x3  
  143  9:01  Missile Turret  
  146  9:06  Starport  
  146  9:07  Starport  
  146  9:11  SCV x3  
  146  9:14  Siege Tank x2  
  146  9:15  Refinery, Hellion  
  157  9:18  SCV  
  157  9:20  Refinery  
  157  9:24  SCV x2  
  160  9:25  SCV  
  160  9:30  SCV  
  162  9:36  Drilling Claws, SCV  
  162  9:37  Widow Mine  
  162  9:38  Infernal Pre-Igniter  
  165  9:39  SCV x2  
  165  9:42  Command Center  
  167  9:53  SCV x3  
  167  9:58  Starport Tech Lab x2  
  167  9:59  Terran Ship Weapons Level 2, Terran Vehicle And Ship Armor Level 2  
  170  10:02  Missile Turret  
  170  10:10  Missile Turret  
  170  10:13  Missile Turret  
  170  10:19  Starport x2  
  156  10:25  Siege Tank x2  
  156  10:26  Hellion x2  
  164  10:32  Battlecruiser  
  164  10:35  Refinery  
  166  10:37  Refinery  
  145  10:43  Battlecruiser  
  145  10:49  SCV x3  
  129  10:51  Orbital Command  
  129  10:53  Hellion  
  116  10:57  Siege Tank x2  
  114  11:06  Orbital Command, Hellion  
  94  11:19  Hellion  
  94  11:24  SCV  
  91  11:28  Hellion  
  91  11:29  Siege Tank  
  91  11:30  Siege Tank  
  97  11:34  SCV x2  
  96  11:40  Orbital Command  
  86  11:52  SCV x3  
  88  11:58  Orbital Command  
  88  12:02  Siege Tank, Hellion x3  
  88  12:04  SCV x3  
  89  12:13  Orbital Command  
  78  12:24  Hellion x3  
  78  12:25  Supply Depot x2  
  78  12:26  SCV x2  
  82  12:34  Hellion  
  84  12:37  SCV  
  84  12:38  SCV x2  
  84  12:42  SCV  
  86  12:45  Hellion x2  
  86  12:46  Hellion  
  86  12:49  SCV  
  84  12:52  SCV  
  70  13:01  SCV  
  70  13:02  Orbital Command  
  67  13:07  SCV x2  
  68  13:13  SCV  
  68  13:19  SCV  
  71  13:20  SCV  
  71  13:23  Missile Turret  
  71  13:25  SCV  
  72  13:28  SCV  
  72  13:31  SCV  
  72  13:32  SCV  
  75  13:37  SCV  
  75  13:41  SCV  
  77  13:43  SCV  
  77  13:44  SCV  
  77  13:47  Supply Depot  
  79  13:48  Supply Depot  
  79  13:49  Siege Tank, Hellion  
  79  13:50  SCV  
  79  13:53  SCV  
  86  13:55  Orbital Command  
  86  13:56  SCV x2  
  86  13:59  Siege Tank  
  86  14:00  Hellion  
  86  14:02  SCV  
  90  14:05  SCV  
  90  14:08  SCV  
  93  14:14  SCV  
  102  14:17  SCV  
  102  14:20  SCV  
Tags
 
Add a new tag
Caveats
  • Supply blocks, unpowered buildings, or Contaminate may cause inaccurate times.
  • Supply counts are checked every 10 seconds.